 Dungeon Crawl Stone Soup version 0.22.1-1-ga44c0e56f4 (webtiles) character file.

5542 Peloso the Carver (level 10, -1/132 HPs)
             Began as a Minotaur Fighter on Sept 29, 2018.
             Was a Priest of Okawaru.
             Killed from afar by an electric eel (6 damage)
             ... with a bolt of electricity
             ... on level 9 of the Dungeon.
             The game lasted 00:19:44 (7599 turns).

Peloso the Carver (Minotaur Fighter)                Turns: 7599, Time: 00:19:44

Health: -1/132     AC: 12    Str: 28    XL:     10   Next: 43%
Magic:  9/9        EV: 10    Int:  5    God:    Okawaru [***...]
Gold:   560        SH: 13    Dex: 11    Spells: 9/9 levels left

rFire    . . .     SeeInvis .   a - +4 falchion
rCold    . . .     Gourm    .   c - +1 shield
rNeg     . . .     Faith    .   d - +0 chain mail
rPois    +         Spirit   .   (helmet restricted)
rElec    .         Reflect  .   J - scarf {cloud immunity}
rCorr    .         Harm     .   x - +0 pair of gloves
MR       .....                  (no boots)
Stlth    ..........             u - amulet of regeneration
HPRegen  0.72/turn              e - ring of poison resistance
MPRegen  0.11/turn              (no ring)

@: berserking (expiring), flying, very quick
A: retaliatory headbutt, horns 2
a: Heroism, Renounce Religion


You were on level 9 of the Dungeon.
You worshipped Okawaru.
Okawaru was most pleased with you.
You were near starving.

You visited 2 branches of the dungeon, and saw 10 of its levels.
You also visited: Sewer.

You collected 560 gold pieces.

Inventory:

Hand Weapons
 a - a +4 falchion (weapon)
 w - a +0 whip of flaming
Armour
 c - a +1 shield (worn)
 d - a +0 chain mail (worn)
 x - a +0 pair of gloves (worn)
 J - a scarf of cloud immunity (worn)
Jewellery
 e - a ring of poison resistance (left hand)
 u - an amulet of regeneration (around neck)
Wands
 v - a wand of random effects (16)
 D - a wand of iceblast (7)
 G - a wand of digging (14)
 K - a wand of paralysis (26)
 L - a wand of scattershot (8)
Scrolls
 b - 2 scrolls of identify
 i - 7 scrolls of remove curse
 j - 8 scrolls of teleportation
 q - 3 scrolls of amnesia
 B - a scroll of enchant weapon
 F - 3 scrolls of enchant armour
 I - a scroll of magic mapping
Potions
 g - a potion of berserk rage
 h - a potion of might
 k - 5 potions of curing
 n - a potion of resistance
 p - 2 potions of brilliance
 r - 4 potions of heal wounds {unknown}
 s - 3 potions of magic {unknown}
 t - a potion of mutation {unknown}
 A - 2 potions of haste {unknown}
 C - 2 potions of invisibility {unknown}
 H - a potion of cancellation {unknown}
Comestibles
 f - 13 rations


   Skills:
 + Level 7.7 Fighting
 + Level 10.7 Long Blades
 + Level 8.6 Armour
 + Level 5.4 Dodging
 + Level 1.3 Stealth
 + Level 10.1 Shields
 + Level 0.5 Evocations


You had 9 spell levels left.
You didn't know any spells.
Your spell library contained the following spells:

 Spells                   Type           Power        Failure   Level  Hunger
 Corona                   Hex            #......      99%         1    ##.....
 Slow                     Hex            #.......     100%        2    ###....
 Inner Flame              Hex/Fire       #.......     100%        3    ####...
 Portal Projectile        Hex/Tloc       #.....       100%        3    ####...
 Cause Fear               Hex            #.........   100%        4    #####..
 Leda's Liquefaction      Hex/Erth       #.........   100%        4    #####..


Dungeon Overview and Level Annotations

Branches:
Dungeon (9/15)             Temple (1/1) D:6
   Lair: D:8-11         Orc: D:9-12

Altars:
Ashenzari
Cheibriados
Dithmenos
Fedhas
Gozag
Kikubaaqudgha
Makhleb
Nemelex Xobeh
Okawaru
Sif Muna
Trog
Uskayaw
Xom
Zin
The Shining One

Annotations:
D:9 exclusion: ice statue


Innate Abilities, Weirdness & Mutations

You reflexively headbutt those who attack you in melee.
You have a pair of horns on your head.


Message History

The ice statue is severely damaged.
The ice beast hits you. The ice beast freezes you!
The ice beast closely misses you.
You slash the ice statue!
The ice statue is severely damaged.
The ice beast hits you but does no damage.
Unknown command.
You slash the ice statue!
The ice statue is almost destroyed.
The ice beast hits you.
* * * LOW HITPOINT WARNING * * *
The ice beast freezes you!
* * * LOW HITPOINT WARNING * * *
The ice statue gestures at you. The freezing blast engulfs you!
* * * LOW HITPOINT WARNING * * *
The electric eel shoots out a bolt of lightning at you!
The bolt of electricity hits the ice statue.
The ice statue resists.
The bolt of electricity hits you!
You die...

≈≈≈≈≈≈≈≈≈≈≈≈≈≈≈≈≈≈≈≈≈≈≈≈≈≈≈≈≈≈≈≈≈
#≈≈≈≈≈≈≈≈≈≈≈≈≈≈≈≈≈≈≈≈≈≈≈≈≈≈≈≈≈≈≈≈
≈≈≈≈≈≈≈≈≈≈≈≈≈≈≈≈≈≈≈≈≈≈≈≈≈≈≈≈≈≈≈≈≈
≈≈≈≈≈≈≈≈≈≈≈≈≈≈≈≈≈≈≈≈≈≈≈≈≈≈≈≈≈≈≈≈#
≈≈≈≈≈≈≈≈≈≈≈≈≈≈≈≈≈≈≈≈≈≈≈≈≈≈≈≈.####
≈≈≈≈≈≈≈≈≈≈≈≈≈≈≈≈≈≈≈###
≈≈≈≈≈≈≈≈≈≈≈≈≈≈≈≈≈≈##
≈≈≈≈≈≈≈§§§≈≈≈≈≈≈ ≈≈≈≈≈≈≈Y@§≈≈≈≈≈≈
#≈≈≈≈≈≈Y8Y§≈≈≈≈≈ ##≈≈≈≈≈≈;≈≈≈≈≈≈≈
#≈≈≈≈≈≈≈≈≈≈≈≈≈≈ ≈≈≈≈≈≈≈≈≈≈≈≈≈≈≈≈
≈≈≈≈≈≈≈≈≈≈≈≈≈≈≈≈ ≈≈≈≈≈≈≈≈≈≈≈≈≈≈≈≈
≈≈≈≈≈≈≈≈≈≈≈≈≈≈≈


You could see an ice statue, 3 ice beasts and an electric eel.

Vanquished Creatures
  Pikel (D:4)
  A hippogriff (D:9)
  A hornet (D:9)
  Sigmund (D:3)
  A wyvern (D:8)
  Eustachio (D:5)
  A hungry ghost (D:9)
  Edmund (D:4)
  2 soldier ants (D:9)
  3 sky beasts
  10 ice beasts (D:9)
  2 ogres (D:5)
  3 phantoms
  2 centaurs
  3 big kobolds
  3 bullfrogs
  A scorpion (D:8)
  4 wights (D:9)
  3 killer bees (D:8)
  3 howler monkeys (D:8)
  2 electric eels (D:9)
  2 crimson imps (D:8)
  2 centaur zombies
  2 jellies
  4 hounds
  A bullfrog skeleton (D:8)
  4 orc wizards
  An iguana (D:7)
  Natasha (D:4)
  6 worker ants
  A hound skeleton (D:7)
  Robin (D:3)
  4 gnolls (D:3)
  12 adders
  2 river rats (Sewer)
  4 shadow imps
  4 oozes
  An adder skeleton (D:8)
  5 worms
  2 dart slugs (D:1)
  9 leopard geckos
  13 orcs
  3 bats
  9 giant cockroaches
  10 goblins
  12 hobgoblins
  22 jackals
  4 quokkas
  4 ball pythons
  A frilled lizard (D:2)
  16 kobolds
  A quokka zombie (D:6)
  12 rats
224 creatures vanquished.

Vanquished Creatures (others)
  An ogre (D:4)
  A slave (D:4)
  Natasha (twice) (D:4)
4 creatures vanquished.

Grand Total: 228 creatures vanquished

Notes
Turn   | Place    | Note
-------+----------+-------------------------------------------
     0 | D:1      | Peloso the Minotaur Fighter began the quest for the Orb.
     0 | D:1      | Reached XP level 1. HP: 19/19 MP: 0/0
     1 | D:1      | Found a runed door.
    53 | D:1      | Reached XP level 2. HP: 27/27 MP: 1/1
   629 | D:1      | Reached XP level 3. HP: 33/33 MP: 2/2
   722 | D:2      | Found an opulent altar of Gozag.
   848 | D:2      | Reached XP level 4. HP: 41/41 MP: 3/3
   876 | D:2      | Found a glowing golden altar of the Shining One.
   905 | D:2      | Found a snail-covered altar of Cheibriados.
  1204 | D:2      | Found a glowing silver altar of Zin.
  1562 | D:3      | Noticed Sigmund
  1572 | D:3      | Killed Sigmund
  1572 | D:3      | Reached skill level 5 in Long Blades
  1572 | D:3      | Reached skill level 5 in Armour
  1572 | D:3      | Reached XP level 5. HP: 23/47 MP: 4/4
  1572 | D:3      | Reached XP level 6. HP: 27/53 MP: 5/5
  1658 | D:3      | Noticed Robin
  1669 | D:3      | Killed Robin
  1671 | D:3      | Reached skill level 5 in Shields
  2003 | D:3      | Reached skill level 1 in Dodging
  2417 | D:4      | Noticed Edmund
  2434 | D:4      | Killed Edmund
  2434 | D:4      | Reached skill level 5 in Fighting
  2456 | D:4      | Noticed Natasha
  2464 | D:4      | Killed Natasha
  2464 | D:4      | Reached XP level 7. HP: 55/61 MP: 6/6
  2474 | D:4      | Noticed Pikel
  2497 | D:4      | Killed Pikel
  2579 | D:4      | Killed Natasha
  2600 | D:4      | Reached XP level 8. HP: 66/69 MP: 7/7
  2646 | D:4      | Killed Natasha
  2920 | D:5      | Entered Level 5 of the Dungeon
  3101 | D:5      | Found a sparkling altar of Nemelex Xobeh.
  3199 | D:5      | Found a glowing drain.
  3233 | Sewer    | Entered a sewer
  3357 | Sewer    | Reached skill level 1 in Stealth
  3880 | D:5      | Noticed Eustachio
  3894 | D:5      | Killed Eustachio
  4090 | D:6      | Reached XP level 9. HP: 73/75 MP: 8/8
  4145 | D:6      | Found a staircase to the Ecumenical Temple.
  4219 | Temple   | Entered the Ecumenical Temple
  4239 | Temple   | Became a worshipper of Warmaster Okawaru
  5187 | D:7      | Found Nogiodgh's Food Shop.
  5250 | D:7      | Found a shadowy altar of Dithmenos.
  5466 | D:7      | Found a burning altar of Makhleb.
  5979 | D:8      | Reached * piety under Okawaru
  6699 | D:9      | Reached skill level 10 in Long Blades
  6765 | D:9      | Reached XP level 10. HP: 72/86 MP: 9/9
  6771 | D:9      | Reached skill level 10 in Shields
  6819 | D:9      | Reached ** piety under Okawaru
  7232 | D:9      | Reached skill level 5 in Dodging
  7437 | D:9      | Reached *** piety under Okawaru
  7578 | D:9      | Noticed an ice statue
  7599 | D:9      | HP: 5/132 [ice statue/freezing blast (27)]
  7599 | D:9      | Killed from afar by an electric eel

Skill      XL: |  1  2  3  4  5  6  7  8  9 10 |
---------------+-------------------------------+-----
Shields        | 4 5 6 7 9 10 | 10.1
Fighting       | 4 5 6 7 |  7.7
Armour         | 4 5 6 7 8 |  8.6
Long Blades    | 3 5 7 8 10 | 10.7
Dodging        | 1 2 3 4 5 |  5.4
Stealth        | 1 |  1.3
Evocations     | |  0.5

Action                   |  1- 3 |  4- 6 |  7- 9 | 10-12 || total
-------------------------+-------+-------+-------+-------++-------
Melee: Long sword        |    75 |       |       |       ||    75
       Headbutt          |    14 |    15 |    72 |    29 ||   130
       Falchion          |     7 |   100 |   392 |   127 ||   626
Invok: Heroism           |       |       |       |     1 ||     1
Evoke: Wand              |       |       |     1 |     5 ||     6
  Use: Scroll            |     4 |       |    16 |       ||    20
       Potion            |       |     1 |     1 |     2 ||     4
  Eat: Chunk             |       |     5 |    10 |     4 ||    19
       Ration            |       |       |     1 |       ||     1
Armor: Scale mail        |    39 |    66 |   106 |       ||   211
       Chain mail        |       |       |       |    40 ||    40
Dodge: Dodged            |    15 |    49 |   115 |    30 ||   209
Block: Shield            |    42 |    85 |   228 |    59 ||   414
       Rpst.: Long sword |     3 |       |       |       ||     3
       Falchion          |     1 |    17 |    33 |     8 ||    59
